 Dungeon Crawl Stone Soup version 0.26-a0-53-g45f243fec8 (webtiles) character file.

Game seed: 1133237814372831083

41 EWolf27 the Poker (level 3, 0/27 HPs)
             Began as a Merfolk Skald on June 7, 2020.
             Slain by an adder (1 damage)
             ... on level 1 of the Dungeon.
             The game lasted 00:12:27 (1252 turns).

EWolf27 the Poker (Merfolk Skald)                   Turns: 1252, Time: 00:12:27

Health: 0/27       AC:  3    Str: 12    XL:     3   Next: 52%
Magic:  6/6        EV: 12    Int: 12    God:
Gold:   52         SH:  0    Dex: 13    Spells: 4/7 levels left

rFire    . . .     SeeInvis .   a - +0 spear
rCold    . . .     Gourm    .   (no shield)
rNeg     . . .     Faith    .   b - +0 leather armour
rPois    .         Spirit   .   (no helmet)
rElec    .         Reflect  .   (no cloak)
rCorr    .         Harm     .   (no gloves)
MR       .....                  (no boots)
Stlth    +.........             (no amulet)
HPRegen  0.09/turn              (no ring)
MPRegen  0.10/turn              (no ring)

@: lethally poisoned (0 -> -5)
A: change form in water, swift swim, stealthy swim
a: no special abilities


You were on level 1 of the Dungeon.
You were not hungry.

You visited 1 branch of the dungeon, and saw 2 of its levels.

You collected 52 gold pieces.

Inventory:

Hand Weapons
 a - a +0 spear (weapon)
Armour
 b - a +0 leather armour (worn)
Jewellery
 i - an uncursed ring of poison resistance {unknown}
Scrolls
 c - a scroll of enchant weapon {unknown}
 e - a scroll of magic mapping {unknown}
 f - a scroll of identify {unknown}
Potions
 h - a potion of magic {unknown}
Comestibles
 d - 2 rations
 g - a chunk of flesh


   Skills:
 - Level 2.1 Fighting
 + Level 4.0 Polearms
 - Level 0.6 Armour
 - Level 2.6 Dodging
 + Level 2.5 Spellcasting
 + Level 3.9 Charms


You had 4 spell levels left.
You knew the following spells:

 Your Spells              Type           Power        Failure   Level  Hunger
a - Infusion              Chrm           ##..         6%          1    #......
b - Song of Slaying       Chrm           ##......     10%         2    ###....

Your spell library contained the following spells:

 Spells                   Type           Power        Failure   Level  Hunger
 Shroud of Golubria       Chrm/Tloc      #.....       22%         2    ###....
 Ozocubu's Armour         Chrm/Ice       #.......     41%         3    ###....
 Spectral Weapon          Hex/Chrm       #.......     41%         3    ###....


Dungeon Overview and Level Annotations

Branches:
Dungeon (2/15)

Altars:


Message History

There is a stone staircase leading down here.
Unknown command.
Unknown command.
Unknown command.
Unknown command.
Unknown command.
Unknown command.
Unknown command.
Unknown command.
* * * LOW HITPOINT WARNING * * *
You feel sick. The adder bites you.
* * * LOW HITPOINT WARNING * * *
The adder barely misses you. The adder barely misses you.
* * * LOW HITPOINT WARNING * * *
You feel sick. The adder misses you. The adder closely misses you.
* * * LOW HITPOINT WARNING * * *
You feel sick. The adder completely misses you. The adder bites you.
You die...

#........## #.........##
#..........# #########
#..........####...(...# #####
#.............#.......# #...#
###.......###.........######...##
#####...#######................'.
......................######...##
#.###........##.@)...............
#.............#S.################
#####.###.#...#..................
#.............###############
#####.##.##...# #####.#.......#
### #.....######..# #..
#.#####.......# #.. #.# ####.##.#
#..


You could see an adder.

Vanquished Creatures
  2 oozes (D:1)
  2 dart slugs (D:1)
  A leopard gecko (D:1)
  A ball python (D:1)
  2 giant cockroaches (D:1)
  3 goblins (D:1)
  5 hobgoblins
  3 kobolds
  A bat (D:1)
  4 frilled lizards
  A rat (D:1)
25 creatures vanquished.

Notes
Turn   | Place    | Note
-------+----------+-------------------------------------------
     0 | D:1      | EWolf27 the Merfolk Skald began the quest for the Orb.
     0 | D:1      | Reached XP level 1. HP: 16/16 MP: 3/3
   238 | D:1      | Reached XP level 2. HP: 21/22 MP: 5/5
   278 | D:1      | Learned a level 2 spell: Song of Slaying
   753 | D:1      | Reached XP level 3. HP: 23/27 MP: 6/6
  1227 | D:2      | Reached skill level 4 in Polearms
  1252 | D:1      | HP: 1/27 [poisoned by an adder]
  1252 | D:1      | Slain by an adder

Illustrated notes

Levels and vault maps discovered:
D:1:      eino_arrival_cavern_b, layout_basic
D:2:      layout_rooms, chequers_serial_rivers_micro_c

Skill      XL: |  1  2  3 |
---------------+----------+-----
Polearms       | 4 |  4.0
Fighting       | |  2.1
Armour         | |  0.6
Dodging        | |  2.6
Spellcasting   | |  2.5
Charms         | |  3.9

Action                   || total
-------------------------++-------
Melee: Spear             ||   102
 Cast: Infusion          ||     1
  Eat: Chunk             ||     1
Armor: Leather armour    ||    13
Dodge: Dodged            ||    50

Table legend:
 A = Non-vault XP
 B = Vault XP
 C = Vault XP percentage of total XP
 D = Non-vault monster count
 E = Vault monster count
 F = Vault count percentage of total count
                 A         B        C        D         E       F
            +---------+---------+-------+---------+---------+-------
      Total |      59 |       0 |   0.0 |      25 |       0 |   0.0
            +---------+---------+-------+---------+---------+-------
        D:1 |      54 |       0 |   0.0 |      22 |       0 |   0.0
        D:2 |       5 |       0 |   0.0 |       3 |       0 |   0.0
            +---------+---------+-------+---------+---------+-------
